 Dungeon Crawl Stone Soup version 0.30-a0-424-g7412bad402 (webtiles) character file.

Game seed: 16597397830972409440

52 Inus the Sneak (level 3, 0/14 HPs)
             Began as a Felid Venom Mage on Dec 9, 2022.
             Slain by a ball python (1 damage)
             ... on level 2 of the Dungeon.
             The game lasted 00:03:56 (2233 turns).

Inus the Sneak (Felid Venom Mage)                   Turns: 2233, Time: 00:03:57

Health: 0/14       AC:  1    Str:  6    XL:     3   Next: 60%
Magic:  3/8        EV: 17    Int: 16    God:
Gold:   96         SH:  0    Dex: 16    Spells: 6/7 levels left
                                        Lives:  0   Deaths: 0

rFire   . . .      SeeInvis +    (weapon unavailable)
rCold   . . .      Faith    .    (shield unavailable)
rNeg    . . .      Spirit   .    (body armour unavailable)
rPois   .          Reflect  .    (helmet unavailable)
rElec   .          Harm     .    (cloak unavailable)
rCorr   .          Rampage  .    (gloves unavailable)
Will    .....                    (boots unavailable)
Stlth   ++........               (no amulet)
HPRegen 0.22/turn                e - ring of wizardry
MPRegen 0.11/turn                (no ring)

@: mighty, brilliant, quick
A: very small, claws 1, fangs 3, see invisible, speed 1, shaggy fur 1, stealthy
paws, no weapons or thrown items, no armour, multi-lived, inability to drink
after injury 1
a: no special abilities


You were on level 2 of the Dungeon.
You visited 1 branch of the dungeon, and saw 2 of its levels.

You collected 96 gold pieces.

Inventory:

Jewellery
 d - an amulet of the acrobat
 e - a ring of wizardry (left paw)
Scrolls
 c - a scroll of teleportation {unknown}
Potions
 a - a potion of magic
 f - a potion of brilliance
 h - a potion of ambrosia {unknown}
 i - a potion of heal wounds {unknown}
 j - a potion of attraction {unknown}


   Skills:
 - Level 3.0 Dodging
 - Level 3.0 Stealth
 + Level 2.7 Spellcasting
 + Level 2.4 Transmutations
 - Level 3.0 Poison Magic


You had 6 spell levels left.
You knew the following spells:

 Your Spells              Type           Power      Damage    Failure   Level
a - Sting                 Tmut/Pois      64%        1d6       2%          1

Your spell library contained the following spells:

 Spells                   Type           Power      Damage    Failure   Level
 Poisonous Vapours        Pois/Air       20%        N/A       6%          2
 Mephitic Cloud           Conj/Pois/Air  8%         N/A       16%         3
 Olgreb's Toxic Radiance  Pois           17%        N/A       22%         4


Dungeon Overview and Level Annotations

Branches:
Dungeon (2/15)

Altars:

Shops:
D:2 (

Annotations:
D:2 Terence


Innate Abilities, Weirdness & Mutations

You have sharp claws.
You have razor-sharp teeth.
You have supernaturally acute eyesight. (SInv)
You cover ground quickly. (Speed+)
You are covered in fur. (AC +1)
Your paws help you pounce on unaware monsters.
You are incapable of wielding weapons or throwing items.
You cannot wear armour.
You gain extra lives every three experience levels.
You occasionally lose the ability to drink potions when taking damage.


Message History

The sting hits Terence.
Terence looks even sicker.
Terence is lightly wounded.
Casting: Sting (safe; 2% risk of failure)
Confirm with . or Enter, or press ? or * to list all spells.
Aiming: Sting (safe; 2% risk of failure)
Press: ? - help, Shift-Dir - straight line, f/p - Terence
Aim: Terence, wielding a +0 flail and wearing a +0 chain mail (lightly wounded, very poisoned, 79% to hit)
The sting hits Terence.
Terence looks even sicker.
Terence is moderately wounded.
Terence misses you.
Casting: Sting (safe; 2% risk of failure)
Confirm with . or Enter, or press ? or * to list all spells.
Aiming: Sting (safe; 2% risk of failure)
Press: ? - help, Shift-Dir - straight line, f/p - Terence
Aim: Terence, wielding a +0 flail and wearing a +0 chain mail (moderately wounded, very poisoned, 79% to hit)
The sting hits Terence but does no damage.
Terence looks as sick as possible!
Terence is moderately wounded.
Terence shouts, "Now you die!" Terence hits you with a +0 flail!
Ouch! That really hurt!
* * * LOW HITPOINT WARNING * * *
Casting: Sting (safe; 2% risk of failure)
Confirm with . or Enter, or press ? or * to list all spells.
Okay, then.
There is an open door here.
Okay, then.
It was a potion of brilliance.
You feel clever all of a sudden. The ball python bites you.
* * * LOW HITPOINT WARNING * * *
The ball python barely misses you. The ball python closely misses you.
The ball python misses you.
It was a potion of might.
You feel very mighty all of a sudden. The ball python barely misses you.
The ball python completely misses you.
It was a potion of mutation.
You feel extremely strange.
You occasionally lose the ability to drink potions when taking damage.
The ball python bites you.
You die...

######## #.......
#..... ###..##
#.'..⌠# #@#..##
### #S#..)....#.#
#@#.......#.#
#.#########.#
#.#########.######
#.................
##################
#. ## #


You could see Terence (very poisoned) and a ball python.

Vanquished Creatures
  An adder (D:2)
  A dart slug (D:1)
  2 endoplasms
  3 giant cockroaches (D:1)
  5 hobgoblins
  2 jackals (D:1)
  3 quokkas
  5 ball pythons
  4 bats
  5 frilled lizards
  5 kobolds
  2 rats (D:2)
38 creatures vanquished.

Notes
Turn   | Place    | Note
-------+----------+-------------------------------------------
     0 | D:1      | Inus the Felid Venom Mage began the quest for the Orb.
     0 | D:1      | Reached XP level 1. HP: 7/7 MP: 4/4
   352 | D:1      | Reached XP level 2. HP: 11/11 MP: 6/6
  1340 | D:2      | Reached XP level 3. HP: 11/14 MP: 5/7
  1763 | D:2      | Found Tuipy's Antique Weapon Shoppe.
  2220 | D:2      | Noticed Terence
  2233 | D:2      | Gained mutation: You occasionally lose the ability to drink
                  | potions when taking damage. [potion of mutation]
  2233 | D:2      | Slain by a ball python

Illustrated notes

Levels and vault maps discovered:
D:1:      dpeg_arrival_arbitrary_b, layout_basic
D:2:      layout_loops_ring, serial_shops, nicolae_shop_waterfront,
          kennysheep_generic_room_11, uniq_terence

Skill      XL: |  1  2 |
---------------+-------+-----
Stealth        | 3 |  3.0
Dodging        | 3 |  3.0
Poison Magic   | 3 |  3.0
Transmutations | 2 |  2.4
Spellcasting   | |  2.7

Action                   || total
-------------------------++-------
Melee: Unarmed           ||    61
       Bite              ||     6
       Punch             ||     1
 Cast: Sting             ||    46
  Use: Scroll            ||     5
       Potion            ||     3
 Stab: Sleeping          ||     5
Armor: Skin              ||     2
Dodge: Dodged            ||    68

Table legend: (Time is in decaauts)
 A = Elapsed time spent in this place.
 B = Non-inter-level travel time spent in this place.
 C = Inter-level travel time spent in this place.
 D = Time resting spent in this place.
 E = Time spent auto-exploring this place.
 F = Levels seen in this place.
 G = Mean time per level.
                   A        B        C        D        E       F      G
               +--------+--------+--------+--------+--------+-----+--------+
         Total |   1951 |   1916 |     35 |    237 |   1398 |   2 |  975.5 |
       Dungeon |   1951 |   1916 |     35 |    237 |   1398 |   2 |  975.5 |
               +--------+--------+--------+--------+--------+-----+--------+

Top non-repeatable levels by time:
     D:1: 1140 daAuts
     D:2: 810 daAuts
